Map: Orbital Shipyard

Players

Phantoman - Winner!

  • Race: Zerg Zerg
  • League: Diamond

LilDicky

  • Race: Terran Terran
  • League: Diamond

VOD

http://www.twitch.tv/tumescentpie

Description

Time

  • Played on: Dec. 31, 2015, 12:42 a.m.
  • Length: 11:24
Show
View Real Time Build Order
Export as new Build Order

Phantoman Zerg - Winner!

Build Orders: Hatch First 

Get SALT Encoding   

  12  0:00  Drone  
  13  0:12  Overlord  
  13  0:17  Drone  
  14  0:30  Drone  
  14  0:31  Drone  
  14  0:35  Drone  
  17  0:53  Hatchery  
  17  0:57  Drone  
  17  1:01  Extractor  
  16  1:11  Spawning Pool  
  16  1:14  Drone  
  16  1:18  Drone  
  16  1:22  Drone  
  18  1:30  Overlord  
  18  1:58  Zergling x2  
  18  1:59  Zergling x2  
  18  2:00  Queen  
  22  2:02  Metabolic Boost  
  22  2:06  Queen  
  24  2:11  Drone  
  24  2:15  Drone  
  26  2:25  Drone  
  26  2:26  Drone x2  
  26  2:29  Drone  
  30  2:40  Queen  
  32  3:02  Hatchery, Drone x2  
  33  3:06  Overlord  
  33  3:11  Drone  
  33  3:12  Drone  
  35  3:14  Drone  
  36  3:24  Drone x2  
  36  3:25  Drone  
  39  3:27  Drone  
  39  3:28  Drone  
  39  3:31  Drone  
  39  3:34  Extractor  
  41  3:40  Lair  
  41  3:43  Drone x2  
  41  3:47  Drone  
  44  3:50  Overlord  
  44  4:05  Evolution Chamber  
  44  4:06  Drone  
  44  4:08  Evolution Chamber, Drone, Overlord  
  45  4:10  Drone  
  45  4:21  Baneling Nest  
  45  4:22  Drone x6  
  45  4:23  Drone x2  
  52  4:25  Drone  
  52  4:28  Drone  
  54  4:43  Roach Warren  
  53  4:46  Infestation Pit  
  53  4:49  Extractor  
  53  4:50  Queen, Extractor  
  53  4:51  Drone x5  
  57  4:53  Overlord  
  57  4:56  Zerg Melee Weapons Level 1  
  57  5:01  Zerg Ground Armor Level 1  
  57  5:11  Drone x6  
  57  5:12  Drone x2  
  65  5:19  Drone x3  
  66  5:29  Spore Crawler x2, Queen  
  66  5:30  Spore Crawler, Zergling x2  
  68  5:35  Roach  
  68  5:36  Roach  
  68  5:37  Roach  
  68  5:40  Roach  
  74  5:57  Roach x2  
  74  6:00  Overlord  
  74  6:03  Ravager  
  73  6:11  Ravager x2  
  71  6:19  Roach  
  71  6:20  Roach x4  
  79  6:42  Roach  
  81  6:49  Overlord x4  
  81  6:51  Hive  
  81  6:57  Drone  
  81  6:58  Overlord x2  
  81  7:00  Spore Crawler  
  81  7:04  Spore Crawler, Zerg Ground Armor Level 2, Zerg Melee Weapons Level 2  
  81  7:06  Queen  
  81  7:07  Drone x2  
  81  7:08  Drone x2  
  86  7:12  Drone x2  
  88  7:18  Extractor  
  88  7:20  Extractor  
  86  7:30  Zergling x4  
  86  7:35  Overseer  
  88  7:41  Drone x4  
  88  7:42  Drone x2  
  94  8:17  Ultralisk Cavern  
  93  8:42  Hatchery  
  92  8:49  Hatchery  
  91  8:58  Glial Reconstitution  
  91  9:04  Overlord x4  
  91  9:06  Ultralisk  
  91  9:07  Ultralisk x4  
  91  9:09  Chitinous Plating  
  121  9:11  Overlord x3  
  121  9:12  Overlord x4  
  118  9:24  Roach x4  
  118  9:25  Roach x6  
  118  9:28  Ravager  
  118  9:29  Ravager x5  
  142  9:37  Spore Crawler  
  138  9:40  Spore Crawler x2  
  133  9:50  Roach x5  
  133  9:51  Roach  
  138  10:09  Roach x6  
  138  10:10  Roach x7  
  158  10:20  Roach x7, Queen  
  158  10:21  Roach  
  177  10:28  Roach x4  
  177  10:29  Roach x2  
  185  10:40  Ravager x2  
  187  10:46  Drone x4  
  187  10:47  Drone x3, Extractor  
  193  10:52  Ravager x2  
  193  10:55  Zergling x6  
Show
View Real Time Build Order
Export as new Build Order

LilDicky Terran 

Build Orders: Command Center First (CC) 

Get SALT Encoding   

  12  0:02  SCV  
  13  0:14  SCV  
  14  0:26  SCV  
  15  0:29  Supply Depot  
  15  0:51  SCV  
  16  1:03  SCV  
  17  1:05  Command Center  
  17  1:17  SCV  
  18  1:19  Barracks  
  18  1:29  SCV  
  19  1:40  Refinery  
  19  1:41  SCV, Refinery  
  20  1:53  SCV  
  21  2:05  SCV  
  21  2:07  Marine  
  23  2:09  Supply Depot  
  23  2:17  Orbital Command x2  
  23  2:31  Barracks Reactor  
  23  2:34  Factory  
  23  2:43  SCV x2  
  25  2:55  SCV x2  
  27  3:07  SCV x2  
  29  3:19  Starport  
  29  3:20  SCV x2  
  29  3:25  Refinery  
  29  3:26  Refinery  
  31  3:29  Barracks Reactor  
  31  3:30  Command Center  
  31  3:31  Hellion  
  33  3:40  SCV  
  33  3:41  SCV  
  35  3:42  Hellion  
  37  3:52  SCV  
  37  3:53  SCV  
  41  4:02  Hellion  
  41  4:04  SCV, Hellion  
  41  4:05  SCV  
  45  4:10  Supply Depot  
  45  4:14  Liberator x2  
  45  4:18  Armory  
  45  4:26  Supply Depot x2, SCV  
  46  4:32  SCV  
  46  4:35  Barracks Reactor  
  54  4:38  SCV  
  54  4:44  SCV  
  56  4:46  Orbital Command  
  56  4:49  Hellion x2  
  59  4:55  SCV  
  59  4:56  SCV  
  59  4:59  Liberator  
  61  5:00  Liberator  
  61  5:04  Engineering Bay  
  61  5:10  Supply Depot  
  61  5:16  Orbital Command  
  61  5:17  Factory  
  67  5:22  Widow Mine  
  67  5:23  Widow Mine  
  67  5:26  SCV  
  72  5:31  SCV  
  73  5:38  SCV  
  74  6:03  Liberator x2  
  69  6:19  Hellion x4  
  76  6:46  Liberator x2  
  71  6:54  Hellion x4  
  71  6:58  SCV x3  
  78  7:04  Command Center  
  78  7:06  Factory  
  78  7:07  Armory, Factory  
  78  7:08  Terran Vehicle Weapons Level 1  
  84  7:10  SCV x3  
  91  7:15  Hellion  
  91  7:16  Hellion  
  91  7:22  SCV x2  
  93  7:26  Missile Turret  
  93  7:30  Missile Turret  
  93  7:39  SCV x2, Hellion x3, Supply Depot  
  93  7:42  Refinery  
  93  7:43  Refinery  
  93  7:44  Liberator x2  
  101  7:51  Supply Depot  
  101  7:52  Missile Turret  
  101  7:53  Sensor Tower  
  101  7:55  Missile Turret  
  101  8:01  SCV x2  
  101  8:03  Sensor Tower  
  101  8:04  Factory Tech Lab x2  
  109  8:06  Sensor Tower  
  109  8:09  Missile Turret  
  109  8:13  SCV x3  
  109  8:15  Hellion x2  
  109  8:16  Hellion x2  
  120  8:25  SCV x3  
  126  8:27  Thor, Siege Tank  
  126  8:29  Orbital Command  
  132  8:50  Missile Turret  
  132  8:54  Command Center  
  132  9:02  Command Center  
  132  9:05  Missile Turret  
  132  9:11  Missile Turret x2  
  132  9:45  SCV x2  
  132  9:49  Infernal Pre-Igniter  
  132  9:58  SCV x2  
  132  9:59  Hellion  
  132  10:02  SCV x2, Hellion x2  
  132  10:04  Hellion x2, Liberator x2  
  132  10:05  Hellion  
  119  10:10  SCV x2  
  99  10:14  SCV  
  99  10:20  Hellion  
  102  10:24  Hellion x2  
  102  10:25  Hellion  
  102  10:26  Hellion  
  116  10:30  Supply Depot x2  
  116  10:34  Hellion  
  118  10:42  Hellion  
  120  10:43  SCV x3  
  120  10:44  SCV  
  120  10:45  Hellion x2  
  120  10:46  Planetary Fortress, Hellion  
  120  10:47  Hellion  
  120  10:48  Missile Turret  
  132  10:51  Missile Turret  
  132  10:55  SCV x2, Hellion  
  136  10:59  Missile Turret  
  136  11:03  Hellion  
  138  11:10  Missile Turret x2  
Tags
 
Add a new tag
Caveats
  • Supply blocks, unpowered buildings, or Contaminate may cause inaccurate times.
  • Supply counts are checked every 10 seconds.